 Dungeon Crawl Stone Soup version 0.28-a0-245-g639a1a48b9 (webtiles) character file.

Game seed: 1457619693624339642

123 theanonym the Insei (level 5, -4/37 HPs)
             Began as an Octopode Monk on Aug 24, 2021.
             Slain by a wyvern zombie (7 damage)
             ... on level 4 of the Dungeon.
             The game lasted 00:02:18 (2926 turns).

theanonym the Insei (Octopode Monk)                 Turns: 2926, Time: 00:02:19

Health: -4/37      AC:  1    Str: 11    XL:     5   Next: 7%
Magic:  5/5        EV: 14    Int: 12    God:
Gold:   125        SH:  0    Dex: 15    Spells: 4/4 levels left

rFire   + . .      SeeInvis .     - Unarmed
rCold   + . .      Faith    .   (no shield)
rNeg    + . .      Spirit   .   (helmet restricted)
rPois   +          Reflect  .   (no amulet)
rElec   +          Harm     .   g - ring of positive energy
rCorr   +          Rampage  .   (no ring)
Will    .....                   (no ring)
Stlth   +++.......              (no ring)
HPRegen 0.12/turn               (no ring)
MPRegen 0.09/turn               (no ring)
                                (no ring)
                                (no ring)

@: resistant, attractive
A: almost no armour, amphibious, 8 rings, camouflage 1, gelatinous body 1,
(nimble swimmer 1), tentacles
a: no special abilities


Innate Abilities, Weirdness & Mutations

You cannot wear most types of armour.
You are amphibious.
You can wear up to eight rings at the same time.
Your skin changes colour to match your surroundings (Stealth+).
Your rubbery body absorbs attacks. (AC +1, EV +1)
((You are camouflaged near water. (Stealth+)))
You have tentacles for arms and can constrict up to eight enemies at once.


   Skills:
 + Level 4.0 Fighting
 - Level 3.0 Dodging
 - Level 2.6 Stealth
 * Level 4.9 Unarmed Combat


You had 4 spell levels left.
You didn't know any spells.
Your spell library contained the following spells:

 Spells                   Type           Power      Damage    Failure   Level
 Dazzling Flash           Conj/Hex       0%         N/A       69%         3
 Iskenderun's Mystic Bla  Conj/Tloc      0%         2d3       97%         4
 Starburst                Conj/Fire      0%         6d3       100%        6

Skill      XL: |  1  2  3  4  5 |
---------------+----------------+-----
Unarmed Combat | 4 |  4.9
Fighting       | 4 |  4.0
Dodging        | |  3.0
Stealth        | |  2.6

Action                   |  1- 3 |  4- 6 || total
-------------------------+-------+-------++-------
Melee: Unarmed           |    68 |    39 ||   107
       Tentacles         |     9 |     7 ||    16
       Constrict         |    17 |    11 ||    28
  Use: Potion            |       |     2 ||     2
 Stab: Sleeping          |     9 |     6 ||    15
Armor: Skin              |     3 |     5 ||     8
Dodge: Dodged            |    48 |    18 ||    66

Inventory:

Jewellery
 d - a ring of ice
 g - a ring of positive energy (left tentacle)
Scrolls
 a - 2 scrolls of holy word {unknown}
 b - 3 scrolls of identify {unknown}
 c - a scroll of amnesia {unknown}
 e - 4 scrolls of teleportation {unknown}
 f - a scroll of noise {unknown}
 j - a scroll of magic mapping {unknown}


You were on level 4 of the Dungeon.
You visited 1 branch of the dungeon, and saw 4 of its levels.

You collected 125 gold pieces.

Dungeon Overview and Level Annotations

Branches:
Dungeon (4/15)
 Temple: D:4-7

Altars:
Yredelemnul
The Shining One
Beogh

###.#
######...#
#.......# #).#
####..# #
..#..# . ...
#.#..#.#
....##Z#..#.#
#....@....####
#...)......(.#
#(#..#.#..##.#
# #..#....# #
#.......#
#....<..#
#..........#
#.......###...#
.....##### ....


You could see a wyvern zombie.

Notes
Turn   | Place    | Note
-------+----------+-------------------------------------------
     0 | D:1      | theanonym the Octopode Monk began the quest for the Orb.
     0 | D:1      | Reached XP level 1. HP: 16/16 MP: 1/1
   273 | D:1      | Reached XP level 2. HP: 21/21 MP: 2/2
   312 | D:1      | Found a faded altar of an unknown god.
   903 | D:2      | Reached XP level 3. HP: 24/26 MP: 3/3
  1048 | D:2      | Reached skill level 4 in Unarmed Combat
  1399 | D:2      | Reached XP level 4. HP: 28/32 MP: 4/4
  2134 | D:3      | HP: 7/33 [iguana (11)]
  2659 | D:3      | Reached XP level 5. HP: 37/37 MP: 5/5
  2727 | D:3      | Reached skill level 4 in Fighting
  2750 | D:3      | Found a glowing golden altar of the Shining One.
  2755 | D:3      | Found a basalt altar of Yredelemnul.
  2925 | D:4      | HP: 8/37 [wyvern zombie (16)]
  2925 | D:4      | HP: 3/37 [wyvern zombie (5)]
  2926 | D:4      | Slain by a wyvern zombie

Vanquished Creatures
  An iguana (D:3)
  4 adders
  4 dart slugs
  2 orcs (D:3)
  3 endoplasms
  6 giant cockroaches
  2 goblins
  4 hobgoblins
  2 jackals (D:2)
  3 quokkas
  4 ball pythons (D:2)
  5 bats
  A frilled lizard (D:2)
  5 kobolds
  A quokka skeleton (D:2)
  5 rats
52 creatures vanquished.

Table legend: (Time is in decaauts)
 A = Elapsed time spent in this place.
 B = Non-inter-level travel time spent in this place.
 C = Inter-level travel time spent in this place.
 D = Time resting spent in this place.
 E = Time spent auto-exploring this place.
 F = Levels seen in this place.
 G = Mean time per level.
                   A        B        C        D        E       F      G
               +--------+--------+--------+--------+--------+-----+--------+
         Total |   2917 |   2842 |     75 |    332 |   2217 |   4 |  729.2 |
       Dungeon |   2917 |   2842 |     75 |    332 |   2217 |   4 |  729.2 |
               +--------+--------+--------+--------+--------+-----+--------+

Top non-repeatable levels by time:
     D:2: 1020 daAuts
     D:3: 951 daAuts
     D:1: 892 daAuts
     D:4: 53 daAuts
